 Dungeon Sprint DCSS version 0.32-a0-350-g4f4d228785 (webtiles) character file.

Game seed: 10488746250004752001

748 rocky1 the Basher (level 7, -29/69 HPs)
             Began as a Mountain Dwarf Fighter on Feb 18, 2024.
             Killed from afar by a deep elf zephyrmancer (32 damage)
             ... with a bolt of lightning
             ... in the Dungeon (Sprint VII: "The Pits").
             The game lasted 00:01:57 (529 turns).

rocky1 the Basher (Mountain Dwarf Fighter)           Turns: 529, Time: 00:01:58

Health: -29/69     AC: 11    Str: 19    XL:     7   Next: 48%
Magic:  16/16      EV:  9    Int: 10    God:
Gold:   0          SH:  5    Dex:  9    Spells: 18/18 levels left

rFire   . . .        a - +0 flail
rCold   . . .        c - +0 buckler
rNeg    . . .        p - +3 scale mail
rPois   .            (no helmet)
rElec   .            (no cloak)
rCorr   .            (no gloves)
SInv    .            (no boots)
Will    .....        (no amulet) Stlth
                     (no ring)
HPRegen 0.31/turn    (no ring)
MPRegen 0.15/turn

%: no teleportation
@: on berserk cooldown, slowed, very slow
A: runic magic, artefact enchanting
a: no special abilities


You were in the Dungeon.
You visited 1 branch

Inventory:

Hand Weapons
 a - a +0 flail (weapon)
 o - a +2 heavy flail
Armour
 c - a +0 buckler (worn)
 p - a +3 scale mail (worn)
Scrolls
 j - a scroll of blinking
 l - 2 scrolls of vulnerability
 m - 5 scrolls of amnesia
 n - a scroll of summoning
Potions
 d - a potion of might
 e - 6 potions of curing
 f - 6 potions of heal wounds
 g - a potion of haste
 h - 4 potions of magic
 i - 2 potions of berserk rage
 k - 2 potions of invisibility


   Skills:
 + Level 8.8 Fighting
 + Level 9.2 Maces & Flails
 + Level 8.8 Armour
 + Level 8.8 Shields
 + Level 6.0 Spellcasting


You had 18 spell levels left.
You didn't know any spells.
Your spell library was empty.

Dungeon Overview and Level Annotations

Branches:
Dungeon (1/1)

Altars:
Ashenzari
Cheibriados
Dithmenos
Elyvilon
Fedhas
Gozag
Hepliaklqana
Kikubaaqudgha
Makhleb
Nemelex Xobeh
Okawaru
Qazlal
Ru
Sif Muna
Trog
Uskayaw
Vehumet
Wu Jian
Xom
Yredelemnul
Zin
The Shining One
Beogh
Jiyva
Lugonu


Innate Abilities, Weirdness & Mutations

Your spellcasting is much less encumbered by armour.
You can use scrolls of enchantment on lesser artefacts.


Message History

The crocodile is severely wounded.
You closely miss the deep elf zephyrmancer.
You thump the deep elf zephyrmancer!
The deep elf zephyrmancer is moderately wounded.
You miss the deep elf zephyrmancer.
The deep elf zephyrmancer is moderately wounded.
The deep elf zephyrmancer gestures at you while chanting.
The bolt of lightning misses you.
You bludgeon the deep elf zephyrmancer!!
The deep elf zephyrmancer is severely wounded.
You are no longer berserk.
You are exhausted.
You feel yourself slow down.
You miss the deep elf zephyrmancer.
The deep elf zephyrmancer is severely wounded.
The deep elf zephyrmancer barely misses you.
The deep elf zephyrmancer closely misses you.
You sock the deep elf zephyrmancer!
The deep elf zephyrmancer is almost dead.
The deep elf zephyrmancer misses you.
You barely miss the deep elf zephyrmancer.
The deep elf zephyrmancer is almost dead.
The deep elf zephyrmancer hits you with a +0 long sword!
The deep elf zephyrmancer casts a spell.
The deep elf zephyrmancer blinks!
You barely miss the crocodile.
The crocodile is heavily wounded.
The deep elf zephyrmancer barely misses you.
The crocodile bites you. The crocodile drags you backwards!
You barely miss the crocodile.
The crocodile is heavily wounded.
The deep elf zephyrmancer casts a spell at you.
The bolt of lightning hits you!!
* * * LOW HITPOINT WARNING * * *
The crocodile bites you.
* * * LOW HITPOINT WARNING * * *
The crocodile drags you backwards!
The deep elf zephyrmancer points at you and mumbles some strange words.
The bolt of lightning hits you!!
You die...

#.#.....#..##.......#
#.#...†.#'###...<...#
#†#........##.......#
#)#........##.......#
#'###########.......#
#.......#.e##########
#..###..#.## ###
#.......#.# ...#
##.###.##@#....#
#.......#l'....+
#..###..#'#....#
#.......'.#....#
########### ####


You could see a deep elf zephyrmancer and a crocodile.

Vanquished Creatures
  A glass eye (D)
  An ice beast (D)
  A black bear (D)
  A small abomination (D)
  A phantom (D)
  2 scorpions (D)
  A quasit (D)
  A jelly (D)
  An adder (D)
  An adder zombie (D)
  A bat skeleton (D)
  A giant cockroach (D)
  2 hobgoblins (D)
  4 jackals (D)
  2 kobolds (D)
  A ball python zombie (D)
  A bat (D)
  A frilled lizard (D)
  A giant cockroach zombie (D)
25 creatures vanquished.

Notes
Turn   | Place    | Note
-------+----------+-------------------------------------------
     0 | D        | rocky1 the Mountain Dwarf Fighter began the quest for the
                  | Orb.
     0 | D        | Reached XP level 1. HP: 19/19 MP: 1/1
    13 | D        | Noticed a glass eye
    48 | D        | Killed a glass eye
    49 | D        | Reached skill level 6 in Maces & Flails
    49 | D        | Reached XP level 2. HP: 30/30 MP: 1/6
    49 | D        | Reached XP level 3. HP: 37/37 MP: 1/8
    49 | D        | Reached XP level 4. HP: 44/44 MP: 1/9
    49 | D        | Reached XP level 5. HP: 50/50 MP: 1/10
   150 | D        | Found a bloodstained altar of Trog.
   150 | D        | Found a shimmering blue altar of Sif Muna.
   150 | D        | Found a viscous altar of Jiyva.
   150 | D        | Found a hazy altar of Hepliaklqana.
   150 | D        | Found an opulent altar of Gozag.
   151 | D        | Found a glowing golden altar of the Shining One.
   151 | D        | Found a glowing silver altar of Zin.
   151 | D        | Found a basalt altar of Yredelemnul.
   151 | D        | Found a shimmering altar of Xom.
   151 | D        | Found an ornate altar of the Wu Jian Council.
   151 | D        | Found a sacrificial altar of Ru.
   151 | D        | Found a stormy altar of Qazlal.
   151 | D        | Found an iron altar of Okawaru.
   151 | D        | Found a sparkling altar of Nemelex Xobeh.
   151 | D        | Found a burning altar of Makhleb.
   151 | D        | Found a blossoming altar of Fedhas.
   151 | D        | Found a white marble altar of Elyvilon.
   151 | D        | Found a shadowy altar of Dithmenos.
   151 | D        | Found a snail-covered altar of Cheibriados.
   153 | D        | Found a radiant altar of Vehumet.
   153 | D        | Found a corrupted altar of Lugonu.
   153 | D        | Found a roughly hewn altar of Beogh.
   155 | D        | Found an ancient bone altar of Kikubaaqudgha.
   155 | D        | Found a hide-covered altar of Uskayaw.
   155 | D        | Found a broken altar of Ashenzari.
   326 | D        | Reached skill level 7 in Maces & Flails
   331 | D        | Noticed a black bear
   342 | D        | Reached XP level 6. HP: 55/58 MP: 12/12
   374 | D        | Noticed an ice beast
   387 | D        | Killed an ice beast
   388 | D        | Reached skill level 8 in Maces & Flails
   388 | D        | Reached skill level 5 in Spellcasting
   455 | D        | Reached XP level 7. HP: 64/68 MP: 13/15
   503 | D        | Noticed a deep elf zephyrmancer
   516 | D        | Reached skill level 9 in Maces & Flails
   529 | D        | HP: 3/69 [crocodile (4)]
   529 | D        | Killed from afar by a deep elf zephyrmancer

Illustrated notes

Levels and vault maps discovered:
D:        pitsprint [storerooms_1, entrance_room_1, metal_vault_5, armoury_2,
          mini_pit_1, grid_room_1, main_hall_1, silver_pit, the_coven_1,
          the_vestibule_1, steel_vault_5, golden_pit, hallway_of_sentries,
          crystal_vault_1, iron_vault_5, final_vault]

Skill      XL: |  1  2  3  4  5  6  7 |
---------------+----------------------+-----
Fighting       | 6 8 |  8.8
Maces & Flails | 6 7 8 9 |  9.2
Armour         | 6 8 |  8.8
Shields        | 6 8 |  8.8
Spellcasting   | 3 4 5 6 |  6.0

Action                     |  1- 3 |  4- 6 |  7- 9 || total
---------------------------+-------+-------+-------++-------
  Melee: Flail             |    34 |   104 |    46 ||   184
    Use: Potion            |       |       |     1 ||     1
 Armour: Scale mail        |       |    70 |    31 ||   101
  Dodge: Dodged            |       |    60 |    16 ||    76
  Block: Buckler           |       |    34 |     7 ||    41

Table legend: (Time is in decaauts)
 A = Elapsed time spent in this place.
 B = Non-inter-level travel time spent in this place.
 C = Inter-level travel time spent in this place.
 D = Time resting spent in this place.
 E = Time spent auto-exploring this place.
 F = Levels seen in this place.
 G = Mean time per level.
                   A        B        C        D        E       F      G
               +--------+--------+--------+--------+--------+-----+--------+
         Total |    544 |    524 |     20 |    167 |      0 |   1 |  544.0 |
       Dungeon |    544 |    524 |     20 |    167 |      0 |   1 |  544.0 |
               +--------+--------+--------+--------+--------+-----+--------+

Top non-repeatable levels by time:
       D: 544 daAuts
